 Dungeon Crawl Stone Soup version 0.23-a0-395-gcf17ac6 (webtiles) character file.

40 BingusPrime the Insei (level 3, -3/28 HPs)
             Began as a Draconian Transmuter on Nov 1, 2018.
             Slain by Robin
             ... wielding a +0 spear
              (5 damage)
             ... on level 2 of the Dungeon.
             The game lasted 00:03:29 (1122 turns).

BingusPrime the Insei (Draconian Transmuter)        Turns: 1122, Time: 00:03:30

Health: -3/28      AC:  6    Str: 11 (12) XL:     3   Next: 30%
Magic:  2/6        EV: 11    Int: 11 (13) God:
Gold:   61         SH:  5    Dex: 10 (12) Spells: 3/6 levels left

rFire    + . .     SeeInvis .     - Unarmed
rCold    x . .     Gourm    .   n - +2 buckler
rNeg     . . .     Faith    .   (armour unavailable)
rPois    .         Spirit   .   (helmet restricted)
rElec    .         Reflect  .   (no cloak)
rCorr    .         Harm     .   (no gloves)
MR       .....                  h - +0 pair of boots
Stlth    +.........             (no amulet)
HPRegen  0.09/turn              l - ring of fire
MPRegen  0.10/turn              (no ring)

@: appendage (expiring)
A: unfitting armour, horns 2, cold-blooded, AC +5
a: End Transformation


You were on level 2 of the Dungeon.
You were very hungry.
You had grown temporary horns.
You visited 1 branch of the dungeon, and saw 2 of its levels.

You collected 61 gold pieces.

Inventory:

Missiles
 a - 30 arrows
Armour
 h - a +0 pair of boots (worn)
 n - a +2 buckler (worn)
Jewellery
 l - a ring of fire (left hand)
Scrolls
 d - 4 scrolls of identify {unknown}
 f - a scroll of fog {unknown}
 g - a scroll of remove curse {unknown}
 i - a scroll of amnesia {unknown}
 m - a scroll of teleportation {unknown}
 o - a scroll of enchant armour {unknown}
Potions
 e - 3 potions of curing
Comestibles
 c - 4 rations


   Skills:
 + Level 1.1 Fighting
 + Level 2.0 Dodging
 * Level 4.2 Unarmed Combat
 - Level 2.0 Spellcasting
 + Level 2.1 Transmutations


You had 3 spell levels left.
You knew the following spells:

 Your Spells              Type           Power        Failure   Level  Hunger
a - Beastly Appendage     Tmut           #.....       21%         1    ##.....
b - Sticks to Snakes      Tmut           #.......     30%         2    ###....

Your spell library contained the following spells:

 Spells                   Type           Power        Failure   Level  Hunger
 Spider Form              Tmut/Pois      #.........   67%         3    ####...
 Ice Form                 Ice/Tmut       #.......     97%         4    #####..
 Blade Hands              Tmut           #.........   99%         5    ######.


Dungeon Overview and Level Annotations

Branches:
Dungeon (2/15)

Altars:

Annotations:
D:2 Robin


Innate Abilities, Weirdness & Mutations

Your plain brown scales are hard. (AC +5)
You cannot fit into any form of body armour.
You are cold-blooded and may be slowed by cold attacks.
You have a pair of horns on your head.


Message History

The hobgoblin hits you. Robin hits you but does no damage.
It was a potion of cancellation.
Your magical effects are unravelling.
You feel magically purged.
Your magical contamination has completely faded away.
Your horns disappear.
You feel a little less clever now. The hobgoblin barely misses you.
Robin misses you.
Casting: Sticks to Snakes (safe; 30% risk of failure)
Confirm with . or Enter, or press ? or * to list all spells.
You grow a pair of large bovine horns.
Your transformation is almost over.
The hobgoblin hits you but does no damage.
Robin closely misses you.
You closely miss the hobgoblin. The hobgoblin hits you.
* * * LOW HITPOINT WARNING * * *
Robin hits you from afar with a +0 spear.
* * * LOW HITPOINT WARNING * * *
You closely miss the hobgoblin. The hobgoblin closely misses you.
Robin hits you from afar with a +0 spear.
You die...

#.##.##...#
#.# .####.#
.. #.# #.
#.# #. #.#
#. #.# #.
#.#
#.####.#
#..gg@†#
#..#####
#..# #...#
##g.# #gg#
#g.# #g.#
#..#


You could see Robin and a hobgoblin.

Vanquished Creatures
  An ooze (D:2)
  A dart slug (D:1)
  A leopard gecko (D:1)
  A giant cockroach (D:1)
  12 goblins
  A hobgoblin (D:2)
  2 quokkas (D:2)
  2 frilled lizards
  3 kobolds
  5 rats
29 creatures vanquished.

Vanquished Creatures (collateral kills)
  A hobgoblin (D:2)
1 creature vanquished.

Grand Total: 30 creatures vanquished

Notes
Turn   | Place    | Note
-------+----------+-------------------------------------------
     0 | D:1      | BingusPrime the Draconian Transmuter began the quest for
                  | the Orb.
     0 | D:1      | Reached XP level 1. HP: 16/16 MP: 3/3
   309 | D:1      | Reached XP level 2. HP: 22/23 MP: 5/5
  1045 | D:2      | Reached skill level 4 in Unarmed Combat
  1049 | D:2      | Learned a level 2 spell: Sticks to Snakes
  1089 | D:2      | Noticed Robin
  1095 | D:2      | Reached XP level 3. HP: 24/28 MP: 4/6
  1122 | D:2      | Slain by Robin

Vault maps used:
D:1:      dpeg_arrival_water_fire
D:2:      uniq_robin

Skill      XL: |  1  2  3 |
---------------+----------+-----
Unarmed Combat | 4 |  4.2
Dodging        | 2 |  2.0
Fighting       | |  1.1
Spellcasting   | |  2.0
Transmutations | |  2.1

Action                   || total
-------------------------++-------
Melee: Unarmed           ||    83
       Tailslap          ||    14
       Headbutt          ||     6
       Punch             ||     1
 Cast: Beastly Appendage ||    12
       Sticks to Snakes  ||     1
  Use: Potion            ||     4
Armor: Skin              ||    26
Dodge: Dodged            ||    36
Block: Buckler           ||     6

Table legend:
 A = Non-vault XP
 B = Vault XP
 C = Vault XP percentage of total XP
 D = Non-vault monster count
 E = Vault monster count
 F = Vault count percentage of total count
                 A         B        C        D         E       F
            +---------+---------+-------+---------+---------+-------
      Total |      37 |      21 |  36.2 |      19 |      11 |  36.7
            +---------+---------+-------+---------+---------+-------
        D:1 |      20 |       0 |   0.0 |      12 |       0 |   0.0
        D:2 |      17 |      21 |  55.3 |       7 |      11 |  61.1
            +---------+---------+-------+---------+---------+-------
